 Seeded DCSS version 0.29.1-15-g9cfb28693d (webtiles) character file.

Game seed: 5489948794960566076 (custom seed)

102 Mune the Magician (level 4, -5/24 HPs)
             Began as a Deep Elf Ice Elementalist on Aug 22, 2023.
             Slain by a gnoll
             ... wielding a +0 club
              (7 damage)
             ... on level 3 of the Dungeon.
             The game lasted 00:04:15 (2342 turns).

Mune the Magician (Deep Elf Ice Elementalist)       Turns: 2342, Time: 00:04:16

Health: -5/24      AC:  9    Str:  5    XL:     4   Next: 50%
Magic:  5/14       EV: 12    Int: 22    God:
Gold:   110        SH:  0    Dex: 15    Spells: 8/15 levels left

rFire   . . .      SeeInvis .   d - +0 hand axe
rCold   . . .      Faith    .   (no shield)
rNeg    . . .      Spirit   .   a - +0 robe
rPois   .          Reflect  .   (no helmet)
rElec   .          Harm     .   (no cloak)
rCorr   .          Rampage  .   (no gloves)
Will    .....                   (no boots)
Stlth   ++........              (no amulet)
HPRegen 0.08/turn               (no ring)
MPRegen 0.14/turn               (no ring)

@: ice-armoured, freezing walls
A: no striking features
a: no special abilities


You were on level 3 of the Dungeon.
You visited 1 branch of the dungeon, and saw 4 of its levels.

You collected 110 gold pieces.

Inventory:

Hand Weapons
 d - a +0 hand axe (weapon)
Armour
 a - a +0 robe (worn)
Wands
 e - a wand of roots (11)
Scrolls
 c - a scroll of noise
 i - a scroll of magic mapping
 j - 2 scrolls of immolation {unknown}
Potions
 b - a potion of magic
 f - a potion of mutation {unknown}
 g - a potion of curing
 h - a potion of haste {unknown}
 k - a potion of ambrosia {unknown}


   Skills:
 - Level 2.4 Dodging
 - Level 2.4 Stealth
 + Level 6.4 Spellcasting
 - Level 4.4 Ice Magic


You had 8 spell levels left.
You knew the following spells:

 Your Spells              Type           Power      Damage    Failure   Level
a - Freeze                Ice            100%       1d11      1%          1
b - Frozen Ramparts       Ice            52%        1d8       4%          3
c - Ozocubu's Armour      Ice            26%        N/A       4%          3

Your spell library contained the following spells:

 Spells                   Type           Power      Damage    Failure   Level
 Sublimation of Blood     Necr           7%         N/A       13%         2
 Wereblood                Tmut           7%         N/A       13%         2
 Hailstorm                Conj/Ice       16%        3d6       34%         4
 Summon Hydra             Summ           3%         N/A       100%        7


Dungeon Overview and Level Annotations

Branches:
Dungeon (4/15)
 Temple: D:4-7

Altars:

Annotations:
D:4 Edmund


Message History

The gnoll barely misses you. The gnoll misses you.
It was a potion of curing.
You feel better.
The wall freezes the gnoll.
The gnoll hits you with a +0 club.
The wall freezes the hobgoblin but does no damage.
The hobgoblin closely misses you.
The gnoll hits you but does no damage. x2
The gnoll closely misses you.
Casting: Frozen Ramparts (quite dangerous; 4% risk of failure)
Confirm with . or Enter, or press ? or * to list all spells.
Aiming: Freeze (safe; 1% risk of failure)
Press: ? - help, Shift-Dir - straight line, f - gnoll
Aim: a gnoll, wielding a +0 flail You freeze the gnoll!
The gnoll is almost dead.
The wall freezes the hobgoblin but does no damage.
The hobgoblin barely misses you.
The wall freezes the gnoll.
The gnoll barely misses you. The gnoll hits you with a +0 flail.
The gnoll hits you with a +0 club. The gnoll closely misses you.
Casting: Freeze (safe; 1% risk of failure)
Confirm with . or Enter, or press ? or * to list all spells.
Aiming: Freeze (safe; 1% risk of failure)
Press: ? - help, Shift-Dir - straight line, f/p - gnoll
Aim: a gnoll, wielding a +0 flail (almost dead)
You freeze the gnoll.
You kill the gnoll!
The wall freezes the gnoll!
You kill the gnoll!
The wall freezes the hobgoblin.
You kill the hobgoblin!
The gnoll misses you. The gnoll hits you but does no damage.
Casting: Freeze (safe; 1% risk of failure)
Confirm with . or Enter, or press ? or * to list all spells.
Aiming: Freeze (safe; 1% risk of failure)
Press: ? - help, Shift-Dir - straight line, f - gnoll
Aim: a gnoll, wielding a +0 whip You freeze the gnoll.
The gnoll is heavily wounded.
The gnoll hits you with a +0 whip!
* * * LOW HITPOINT WARNING * * *
The gnoll hits you with a +0 club!
You die...

#. #. #.
#.
######.##
#.......#
#.....g)#
#.....)@#
#.....g†#
#.......#
#.......#
#......$#
#########


You could see 2 gnolls.

Vanquished Creatures
  2 gnolls (D:3)
  4 adders (D:2)
  2 dart slugs (D:2)
  6 bats
  4 endoplasms
  A giant cockroach (D:2)
  3 hobgoblins
  3 jackals (D:1)
  3 kobolds (D:1)
  2 quokkas (D:1)
  2 ball pythons
  6 frilled lizards
  3 goblins
  5 rats
46 creatures vanquished.

Vanquished Creatures (others)
  A plant (D:4)
1 creature vanquished.

Grand Total: 47 creatures vanquished

Notes
Turn   | Place    | Note
-------+----------+-------------------------------------------
     0 | D:1      | Mune the Deep Elf Ice Elementalist began the quest for the
                  | Orb.
     0 | D:1      | Reached XP level 1. HP: 10/10 MP: 6/6
   318 | D:1      | Reached XP level 2. HP: 15/15 MP: 6/8
   372 | D:1      | Reached skill level 4 in Spellcasting
   750 | D:1      | Found a faded altar of an unknown god.
  1405 | D:2      | Reached skill level 5 in Spellcasting
  1405 | D:2      | Reached XP level 3. HP: 19/19 MP: 6/11
  2216 | D:2      | Reached skill level 6 in Spellcasting
  2216 | D:2      | Reached XP level 4. HP: 23/24 MP: 10/14
  2315 | D:2      | You fall into a shaft and drop 2 floors!
  2319 | D:4      | Noticed Edmund
  2331 | D:4      | Learned a level 3 spell: Frozen Ramparts
  2335 | D:4      | Learned a level 3 spell: Ozocubu's Armour
  2342 | D:3      | Slain by a gnoll

Illustrated notes

Levels and vault maps discovered:
D:1:      dreamdust_arrival_sigmund_warning, layout_basic,
          ebering_ecumenical_altar_abandoned, st_stairs_7
D:2:      layout_loops_cross
D:3:      layout_loops_cross, general_overflow_altar, minmay_checkerbox
D:4:      layout_loops_ring, gammafunk_temple_overflow_forgotten,
          minmay_temple_entry_mini_moons, pf_guarded_unrand_delatra, uniq_edmund

Skill      XL: |  1  2  3 |
---------------+----------+-----
Spellcasting   | 5 6 |  6.4
Dodging        | |  2.4
Stealth        | |  2.4
Ice Magic      | |  4.4

Action                   |  1- 3 |  4- 6 || total
-------------------------+-------+-------++-------
Melee: Unarmed           |     2 |       ||     2
       Club              |     4 |       ||     4
       Hand axe          |     1 |     1 ||     2
 Cast: Freeze            |    59 |     8 ||    67
       Ozocubu's Armour  |       |     1 ||     1
       Frozen Ramparts   |       |     1 ||     1
  Use: Scroll            |     3 |       ||     3
       Potion            |       |     1 ||     1
Armor: Robe              |     7 |     5 ||    12
Dodge: Dodged            |    34 |    14 ||    48
